 Dungeon Crawl Stone Soup version 0.29.1-15-g9cfb28693d (webtiles) character file.

Game seed: 14725976500759796866

195 Heoruswealwe the Magician (level 5, -5/28 HPs)
             Began as a Deep Elf Earth Elementalist on Apr 25, 2023.
             Was an Initiate of Vehumet.
             Slain by an ice beast (8 damage)
             ... on level 7 of the Dungeon.
             The game lasted 00:15:54 (1910 turns).

Heoruswealwe the Magician (DEEE)                    Turns: 1910, Time: 00:15:54

Health: -5/28      AC:  3    Str:  5    XL:     5   Next: 45%
Magic:  13/15      EV: 12    Int: 22    God:    Vehumet [......]
Gold:   30         SH:  0    Dex: 15    Spells: 5/15 levels left

rFire   . . .      SeeInvis +   b - +0 war axe
rCold   . . .      Faith    .   (no shield)
rNeg    . . .      Spirit   .   c - +0 robe
rPois   .          Reflect  .   (no helmet)
rElec   .          Harm     .   h - +0 cloak
rCorr   .          Rampage  .   (no gloves)
Will    .....                   (no boots)
Stlth   ++........              i - amulet of magic regeneration
HPRegen 0.09/turn               k - ring of see invisible
MPRegen 0.54/turn               (no ring)

@: very slightly contaminated
A: no striking features
a: Renounce Religion


You were on level 7 of the Dungeon.
You worshipped Vehumet.
Vehumet was noncommittal.
You visited 2 branches of the dungeon, and saw 8 of its levels.

You collected 170 gold pieces.
You spent 140 gold pieces at shops.

Inventory:

Hand Weapons
 b - a +0 war axe (weapon)
Armour
 a - a +0 robe
 c - a +0 robe (worn)
 h - a +0 cloak (worn)
 j - a +0 robe
Jewellery
 i - an amulet of magic regeneration (around neck)
 k - a ring of see invisible (left hand)
Scrolls
 e - 3 scrolls of identify
 f - a scroll of enchant weapon
 g - a scroll of brand weapon
 n - a scroll of teleportation
 p - a scroll of enchant armour
Potions
 d - a potion of heal wounds
 l - a potion of flight
 m - a potion of magic
 o - a potion of haste


   Skills:
 - Level 2.4 Dodging
 - Level 2.4 Stealth
 + Level 5.8 Spellcasting
 - Level 1.1 Transmutations
 + Level 5.3 Earth Magic


You had 5 spell levels left.
You knew the following spells:

 Your Spells              Type           Power      Damage    Failure   Level
a - Sandblast             Erth           60%        2d14      1%          1
b - Stone Arrow           Conj/Erth      36%        3d9       10%         3
c - Petrify               Tmut/Erth      20%        N/A       24%         4
z - Passwall              Tmut/Erth      16%        N/A       3%          2

Your spell library contained the following spells:

 Spells                   Type           Power      Damage    Failure   Level
 Scorch                   Fire           12%        2d5       14%         2
 Flame Wave               Conj/Fire      6%         2d5       67%         4
 Summon Cactus Giant      Summ           3%         N/A       100%        6


Dungeon Overview and Level Annotations

Branches:
Dungeon (7/15)             Temple (1/1) D:4

Altars:
Cheibriados
Dithmenos
Fedhas
Hepliaklqana
Makhleb
Nemelex Xobeh
Qazlal
Trog
Uskayaw
Vehumet
Wu Jian
Xom
Yredelemnul
Zin
The Shining One

Shops:
D:5 !


Message History

You climb downwards.
Found a glowing sling.
There is a stone staircase leading up here.
You see here a +3 sling.
Found a scroll of identify.
Found a scroll labelled BAZUAM CEIJIZO.
Found 5 stones.
e - 5 scrolls of identify (gained 1)
p - a scroll labelled BAZUAM CEIJIZO
As you read the scroll of identify, it crumbles to dust.
p - a scroll of enchant armour
As you read the scroll of identify, it crumbles to dust.
o - a potion of haste An ice beast comes into view.
You can't see any susceptible monsters within range! (Use Z to cast anyway.)
The blast of sand hits the ice beast.
The ice beast is lightly wounded.
The blast of sand hits the ice beast!!
The ice beast is severely wounded.
The blast of sand hits the ice beast.
The ice beast is almost dead.
The ice beast closely misses you.
You miscast Sandblast.
You are very lightly contaminated with residual magic.
Nothing appears to happen.
The ice beast hits you. The ice beast freezes you!
The blast of sand misses the ice beast.
The ice beast hits you but does no damage.
The ice beast hits you. The ice beast freezes you!
* * * LOW HITPOINT WARNING * * *
Casting: Sandblast (safe; 1% risk of failure)
Confirm with . or Enter, or press ? or * to list all spells.
Aiming: Sandblast (safe; 1% risk of failure)
Press: ? - help, Shift-Dir - straight line, f/p - ice beast
Aim: an ice beast (almost dead, 84% to hit)
The blast of sand hits the ice beast but does no damage.
The ice beast is almost dead.
The ice beast hits you.
* * * LOW HITPOINT WARNING * * *
The ice beast freezes you!
You die...

#.. ## ...... #.#
.. ..... #.#
.####.... ##.####
....... #......
#.....# #......
#.....# #).....
#..Y..## ####.<....
#..@...# #.........
#......# #......###
#......# #......#
#......####......#
#......##....#####
#.................
#......##....#....
######.##....#.....
#.##....# ....


You could see an ice beast.

Vanquished Creatures
  An ogre (D:5)
  A hound (D:5)
  3 adders
  A worm (D:5)
  A dart slug (D:4)
  11 orcs
  3 endoplasms
  2 goblins (D:1)
  2 hobgoblins
  4 kobolds
  A quokka (D:1)
  5 ball pythons
  3 bats
  3 frilled lizards (D:1)
  A rat (D:2)
42 creatures vanquished.

Notes
Turn   | Place    | Note
-------+----------+-------------------------------------------
     0 | D:1      | Heoruswealwe the Deep Elf Earth Elementalist began the
                  | quest for the Orb.
     0 | D:1      | Reached XP level 1. HP: 10/10 MP: 6/6
   189 | D:1      | Reached XP level 2. HP: 15/15 MP: 5/8
   192 | D:1      | Learned a level 2 spell: Passwall
   568 | D:1      | Found a faded altar of an unknown god.
   710 | D:1      | Prayed at the altar of an unknown god.
   710 | D:1      | Became a worshipper of Fedhas Madash
   710 | D:1      | Reached * piety under Fedhas
   999 | D:3      | Reached XP level 3. HP: 19/19 MP: 8/10
  1003 | D:3      | Learned a level 3 spell: Stone Arrow
  1128 | D:4      | Found a staircase to the Ecumenical Temple.
  1221 | Temple   | Entered the Ecumenical Temple
  1265 | Temple   | Fell from the grace of Fedhas
  1265 | Temple   | Became a worshipper of Vehumet
  1682 | D:5      | Entered Level 5 of the Dungeon
  1692 | D:5      | Found Lenlav Cyo's Distillery.
  1705 | D:5      | Bought a potion of heal wounds for 50 gold pieces
  1705 | D:5      | Bought a potion of flight for 30 gold pieces
  1705 | D:5      | Bought a potion of degeneration for 10 gold pieces
  1705 | D:5      | Bought a potion of berserk rage for 50 gold pieces
  1732 | D:5      | Reached XP level 4. HP: 22/24 MP: 10/12
  1737 | D:5      | Learned a level 4 spell: Petrify
  1766 | D:5      | Noticed an ogre
  1770 | D:5      | Killed an ogre
  1771 | D:5      | Reached skill level 5 in Spellcasting
  1771 | D:5      | Reached skill level 5 in Earth Magic
  1771 | D:5      | Reached XP level 5. HP: 28/28 MP: 12/15
  1901 | D:7      | Noticed an ice beast
  1910 | D:7      | Slain by an ice beast

Illustrated notes

Levels and vault maps discovered:
D:1:      saegor_arrival_simple_c, layout_basic,
          hellmonk_ecumenical_altar_slurped_away
D:2:      layout_basic
D:3:      wander_river, layout_loops_ring
D:4:      layout_rooms, minmay_temple_entry_nine_rooms
D:5:      layout_gridville, serial_shops, nicolae_shop_statue_plus,
          nicolae_shop_bloodbath_and_beyond, shop, lightli_corner_chamber
D:6:      minmay_chambers_of_sixes, layout_loops_ring
D:7:      layout_basic
Temple:   minmay_temple_curvy_branch

Skill      XL: |  1  2  3  4 |
---------------+-------------+-----
Spellcasting   | 4 5 |  5.8
Earth Magic    | 4 5 |  5.3
Dodging        | |  2.4
Stealth        | |  2.4
Transmutations | |  1.1

Action                   |  1- 3 |  4- 6 || total
-------------------------+-------+-------++-------
Melee: Unarmed           |     1 |       ||     1
 Cast: Sandblast         |    51 |    18 ||    69
       Passwall          |     1 |       ||     1
  Use: Scroll            |     7 |     2 ||     9
       Potion            |     5 |       ||     5
Armor: Robe              |     3 |     1 ||     4
Dodge: Dodged            |    15 |     1 ||    16
